 Dungeon Crawl Stone Soup version 0.15.0-29-ga8e3430 (webtiles) character file.

63 Kold the Sneak (level 3, 0/25 HPs)
             Began as a Felid Chaos Knight on Sept 12, 2014.
             Was a Plaything of Xom.
             Slain by a gnoll (6 damage)
             ... on Level 2 of the Dungeon.
             The game lasted 00:03:31 (1919 turns).

Kold the Sneak (Felid Chaos Knight)                 Turns: 1919, Time: 00:03:31

HP   0/25        AC  1     Str 13      XL: 3   Next: 87%
MP   5/5         EV 18     Int 13      God: Xom
Gold 84          SH  0     Dex 16      Spells:  0 memorised,  2 levels left
Lives: 0, deaths: 0

rFire  . . .     SeeInvis +       - Unarmed
rCold  . . .     Rnd*Rage +     (armour unavailable)
rNeg   . . .     rCorr    .     (shield unavailable)
rPois  +         rRot     .     (helmet unavailable)
rElec  .         Spirit   .     (cloak unavailable)
SustAb .         Warding  .     (gloves unavailable)
rMut   .         Stasis   .     (boots unavailable)
Gourm  .                        (no amulet)
MR     .....                    (no ring)
                                f - ring of poison resistance

@: berserking (expiring), exhausted, very quick, not resistant to hostile
enchantments, extremely unstealthy
A: paw claws, no armour, no weapons or thrown items, fangs 3, see invisible,
berserk 2, carnivore 3, deterioration 1, speed 1, screaming 1, shaggy fur 1,
slow metabolism 1, jump 1
a: Jump Attack, Renounce Religion


You were on level 2 of the Dungeon.
You worshipped Xom.
You were a special plaything of Xom.
You were very full.

You visited 1 branch of the dungeon, and saw 2 of its levels.

You collected 84 gold pieces.

Inventory:

Comestibles
 c - a meat ration
 d - 2 royal jellies
Scrolls
 a - 2 scrolls of identify
 b - a scroll of recharging
 i - a scroll of teleportation {unknown}
 k - a scroll of enchant weapon {unknown}
Jewellery
 f - a ring of poison resistance (left paw)
Potions
 e - a potion of lignification {unknown}
 g - a potion of curing {unknown}
 h - a potion of flight {unknown}


   Skills:
 - Level 3.0 Fighting
 - Level 3.2 Dodging
 - Level 5.2 Stealth
 + Level 3.0 Unarmed Combat


You had 2 spell levels left.
You didn't know any spells.

Dungeon Overview and Level Annotations

Branches:
Dungeon (2/15)

Altars:
Ashenzari
Fedhas


Innate Abilities, Weirdness & Mutations

You cannot wear armour.
You are incapable of wielding weapons or throwing items.
Your paws have sharp claws.
You have razor-sharp teeth.
You have supernaturally acute eyesight.
You are carnivorous and can eat meat at any time.
You cover ground quickly.
You are covered in fur (AC +1).
You have a slow metabolism.
You can jump attack at a short distance.
You often lose your temper in combat.
Your body is slowly deteriorating.
You occasionally shout uncontrollably at your foes.


Message History

Things that are here:
a club; a kobold corpse You claw the gnoll!
The gnoll begins to bleed from its wounds!
Your bite misses the gnoll.
The gnoll is almost dead.
You closely miss the gnoll. You bite the gnoll.
You kill the gnoll!
Your Stealth skill increases to level 5!
You see here a spear.
You are too injured to fight recklessly!
You are too injured to fight recklessly!
You are too injured to fight recklessly!
You feel a strong urge to attack something.
The gnoll shouts!
You scratch the gnoll.
The gnoll begins to bleed from its wounds!
The gnoll is moderately wounded.
The gnoll hits you.
You die...

#.# K# #. ##.##8
..8### #..##.
...##. #..#_
..%.>#. #..#
....##. #..#
...8##. #g.# #
#####..###########
#.))@g...........#
#.###########.####
#.#.........#.#
#)#.#######.#.#
#.#.#.....#.#.#
#.#.#.###.#.#.#
#.#.#.# #.#.#.#
#.#.#.###.#.#g#
#.#.......#.#.#


You could see 2 gnolls.

Vanquished Creatures
  An adder (D:1)
  2 gnolls (D:2)
  A giant gecko (D:2)
  An ooze (D:1)
  3 bats
  4 giant cockroaches
  5 goblins
  2 hobgoblins
  7 kobolds
  2 ball pythons (D:1)
  4 rats
32 creatures vanquished.

Notes
Turn   | Place    | Note
--------------------------------------------------------------
     0 | D:1      | Kold, the Felid Chaos Knight, began the quest for the Orb.
     0 | D:1      | Reached XP level 1. HP: 10/10 MP: 2/2
     0 | D:1      | XOM: divination: detect items
     5 | D:1      | XOM: harmless Summ miscast
    22 | D:1      | Reached skill level 1 in Stealth
   203 | D:1      | Reached XP level 2. HP: 11/14 MP: 3/3
   267 | D:1      | XOM: god gift: 14 stones
   353 | D:1      | XOM: give mutations
   353 | D:1      | Gained mutation: You occasionally shout uncontrollably at your foes. [Xom's mischief]
   353 | D:1      | Gained mutation: You tend to lose your temper in combat. [Xom's mischief]
   413 | D:1      | XOM: give mutations
   413 | D:1      | Gained mutation: Your body is slowly deteriorating. [Xom's mischief]
   413 | D:1      | Gained mutation: You often lose your temper in combat. [Xom's mischief]
   962 | D:1      | XOM: enchant monster (good)
   965 | D:1      | XOM: confuse monster(s)
   978 | D:1      | Reached skill level 4 in Stealth
   978 | D:1      | Reached XP level 3. HP: 15/17 MP: 5/5
  1165 | D:2      | XOM: harmless Summ miscast
  1612 | D:2      | Found a shattered altar of Ashenzari.
  1687 | D:2      | XOM: noise
  1695 | D:2      | XOM: silly message
  1704 | D:2      | Found a blossoming altar of Fedhas.
  1911 | D:2      | XOM: noise
  1916 | D:2      | Reached skill level 5 in Stealth
  1919 | D:2      | Slain by a gnoll

Action                   || total
-------------------------++-------
Melee: Unarmed           ||    95
 Abil: Jump Attack       ||     5
  Use: Scroll            ||     2
 Stab: Sleeping          ||     5
  Eat: Chunk             ||     9
